 Dungeon Crawl Stone Soup version 0.31-a0-60-g62046a28e0 (webtiles) character file.

Game seed: 15388028419359505822

82469 ghijl the Warrior (level 15, -2/141 HPs)
             Began as a Minotaur Fighter on May 22, 2023.
             Was the Champion of Okawaru.
             Slain by a tyrant leech (13 damage)
             ... on level 5 of the Lair of Beasts.
             The game lasted 00:34:15 (17798 turns).

ghijl the Warrior (Minotaur Fighter)               Turns: 17798, Time: 00:34:16

Health: -2/141     AC: 38    Str: 28    XL:     15   Next: 29%
Magic:  14/14      EV: 13    Int:  5    God:    Okawaru [******]
Gold:   421        SH:  7    Dex: 10    Spells: 14/14 levels left

rFire   . . .        Q - +3 broad axe (elec)
rCold   . . .        c - +0 buckler
rNeg    . . .        j - +9 plate armour of Refuge {Will+ Regen+}
rPois   +            h - +2 hat {Will+}
rElec   .            k - +2 cloak
rCorr   .            m - +2 pair of gloves
SInv    .            i - +2 pair of boots {Stlth+}
Will    +++..        (no amulet) Stlth
                     g - +4 ring of slaying
HPRegen 1.23/turn    r - ring of poison resistance
MPRegen 0.14/turn

%: no passive effects
@: studying Maces & Flails
A: horns 2, retaliatory headbutt, wild magic 1, sturdy frame 2
a: Renounce Religion, Heroism, Finesse, Duel


You were on level 5 of the Lair of Beasts.
You worshipped Okawaru.
Okawaru was exalted by your worship.
You visited 3 branches of the dungeon, and saw 20 of its levels.
You also visited: Ossuary.

You collected 1917 gold pieces.
You spent 1496 gold pieces at shops.

Inventory:

Hand Weapons
 a - a +1 war axe of flaming
 Q - a +3 broad axe of electrocution (weapon)
Missiles
 F - 2 throwing nets (quivered)
Armour
 c - a +0 buckler (worn)
 h - a +2 hat of willpower (worn)
 i - a +2 pair of boots of stealth (worn)
 j - the +9 plate armour of Refuge (worn) {Will+ Regen+}
   (Okawaru gifted it to you on level 10 of the Dungeon)

   Regen:     It increases your rate of health regeneration.
   Will:      It increases your willpower.
 k - a +2 cloak (worn)
 m - a +2 pair of gloves (worn)
 B - the +1 ring mail of the Gazing Gods {-Cast Slay+4}
   (You found it on level 5 of the Dungeon)

   Slay:      It affects your accuracy & damage with ranged weapons and melee
   (+4).
   -Cast:     It prevents spellcasting.
 N - the +6 chain mail "Eneusuni" {Rampage rC+ Will- Dex+2}
   (You bought it in a shop on level 8 of the Dungeon)

   Dex:       It affects your dexterity (+2).
   rC:        It protects you from cold.
   Rampage:   It bestows one free step when moving towards enemies.
   Will:      It decreases your willpower.
 O - a +2 plate armour of fire resistance
 T - the +0 scale mail of the Skies Above {*Slow rF+ Int+6 Slay+5}
   (You bought it in a shop on level 9 of the Dungeon)

   Int:       It affects your intelligence (+6).
   Slay:      It affects your accuracy & damage with ranged weapons and melee
   (+5).
   rF:        It protects you from fire.
   *Slow:     It may slow you when you take damage.
Jewellery
 g - a +4 ring of slaying (left hand)
 r - a ring of poison resistance (right hand)
 z - a ring of ice
 L - a ring of fire
 R - a ring of protection from cold
Wands
 b - a wand of polymorph (21)
 l - a wand of roots (29)
 n - a wand of digging (8)
 y - a wand of flame (29)
 A - a wand of paralysis (16)
 D - a wand of acid (11)
 E - a wand of mindburst (16)
Scrolls
 d - 6 scrolls of magic mapping
 p - 3 scrolls of fog
 s - 5 scrolls of fear
 v - 6 scrolls of silence
 w - 2 scrolls of brand weapon
 C - 3 scrolls of immolation
 J - 3 scrolls of teleportation
 P - 8 scrolls of identify
 S - a scroll of blinking
 U - a scroll of enchant armour
Potions
 e - 3 potions of heal wounds
 f - 9 potions of enlightenment
 o - 3 potions of might
 q - a potion of berserk rage
 t - 2 potions of attraction
 u - 6 potions of lignification
 x - 7 potions of curing
 G - 2 potions of cancellation
 H - 4 potions of haste
 I - 2 potions of invisibility
 K - 2 potions of magic
 M - 3 potions of mutation


   Skills:
 + Level 15.2 Fighting
 + Level 14.9 Axes
 + Level 15.2 Armour
 + Level 13.7 Dodging
 + Level 15.2 Shields


You had 14 spell levels left.
You didn't know any spells.
Your spell library contained the following spells:

 Spells                   Type           Power      Damage    Failure   Level
 Apportation              Tloc           0%         N/A       90%         1
 Freeze                   Ice            0%         1d3       90%         1
 Frozen Ramparts          Ice            0%         1d1       99%         3
 Hailstorm                Conj/Ice       0%         3d3       99%         3
 Inner Flame              Hex/Fire       0%         N/A       99%         3
 Ozocubu's Armour         Ice            0%         N/A       99%         3
 Flame Wave               Conj/Fire      0%         2d4       100%        4
 Passage of Golubria      Tloc           0%         N/A       100%        4
 Sticky Flame             Conj/Fire      0%         2d3       100%        4
 Alistair's Intoxication  Tmut/Pois      0%         N/A       100%        5
 Blade Hands              Tmut           0%         N/A       100%        5
 Irradiate                Conj/Tmut      0%         3d11      100%        5
 Metabolic Englaciation   Hex/Ice        0%         N/A       100%        5
 Silence                  Hex/Air        0%         N/A       100%        5
 Iron Shot                Conj/Erth      0%         9d1       100%        6
 Dragon Form              Tmut           0%         N/A       100%        7
 Lehudib's Crystal Spear  Conj/Erth      0%         10d2      100%        8
 Animate Armour           Summ/Erth      Unusable   N/A       N/A         4
 Simulacrum               Ice/Necr       Unusable   N/A       N/A         6

Dungeon Overview and Level Annotations

Branches:
Dungeon (14/15)            Temple (1/1) D:4            Lair (5/5) D:8
 Shoals (0/4) Lair:2        Snake (0/4) Lair:2        Slime (0/5) Lair:4
    Orc (0/2) D:9          Vaults (0/5) D:13        Ossuary (visited)

Altars:
Ashenzari
Cheibriados
Dithmenos
Elyvilon
Fedhas
Gozag
Hepliaklqana
Makhleb
Nemelex Xobeh
Okawaru
Qazlal
Trog
Uskayaw
Vehumet
Xom
Yredelemnul
Zin
The Shining One
Jiyva

Shops:
D:1 [   D:2 [[=((   D:3 [   D:6 [*?!=   D:8 [*[*:   D:9 [(   D:14 !(


Innate Abilities, Weirdness & Mutations

You have a pair of horns on your head.
You reflexively headbutt those who attack you in melee.
Your spells are a little harder to cast, but a little more powerful.
Your movements are less encumbered by armour. (ER -4)


Message History

You closely miss the cane toad.
The blink frog blinks!
The goliath frog hits you but does no damage.
You block the cane toad's attack.
The goliath frog hits you but does no damage.
You block the cane toad's attack.
You see here a bullfrog corpse.
You slice the cane toad!! You headbutt the cane toad!
The cane toad is severely wounded.
You hit the tyrant leech but do no damage.
The goliath frog hits you from afar.
* * * LOW HITPOINT WARNING * * *
You are splashed with acid!
* * * LOW HITPOINT WARNING * * *
The cane toad misses you. You furiously retaliate!
You headbutt the cane toad!
You kill the cane toad!
Okawaru accepts your kill. The tyrant leech closely misses you.
You furiously retaliate!
You headbutt the tyrant leech.
Unknown command.
You barely miss the blink frog. You headbutt the blink frog!
The blink frog is almost dead.
You miss the tyrant leech.
The goliath frog hits you but does no damage.
The blink frog blinks!
You slash the tyrant leech!
Lightning courses through the tyrant leech!
The tyrant leech is heavily wounded.
You are no longer corroded.
You block the goliath frog's attack. The tyrant leech closely misses you.
You slash the tyrant leech!
Lightning courses through the tyrant leech!
You headbutt the tyrant leech!
The tyrant leech is almost dead.
You miss the blink frog. You block the blink frog's attack.
The goliath frog hits you from afar!
* * * LOW HITPOINT WARNING * * *
You are splashed with acid!
* * * LOW HITPOINT WARNING * * *
The tyrant leech bites you!
You die...

....#..............†.### F
..~............^..†....#
#F~.F..P......#..P......##
#~~P....................#
##≈~.............#.....##
≈~~........P...P.......#
F~FF..##..#............#
~~≈~........F††...^...##
~~..~~.....§@wF....##.#
~~...~#......#††..## ..#
~~..~..........#### .#.#
y~.P.~##.....#.# ## ~~PP#.
#....#..# ~~.~# #..P.#...
~.. #..P.#...# ...#.P..P#
.P. .....


You could see a tyrant leech, a goliath frog and a blink frog.

Vanquished Creatures
  The ghost of Hallut the Thrower, a journeyman OgFi (D:14)
  A stone giant (D:14)
  A dire elephant (Lair:2)
  A vault guard (D:13)
  5 hydras
  Erica (D:10)
  4 catoblepae
  7 boulder beetles
  9 centaur warriors
  5 two-headed ogres
  The ghost of Zigma the Grappler, a novice DrMo of Yredelemnul (D:9)
  8 death yaks
  Urug (D:11)
  A skyshark (Lair:2)
  A deep troll (Lair:4)
  Lodul (D:12)
  A lindwurm (Lair:3)
  A deep elf pyromancer (D:13)
  6 ugly things
  3 cyclopes (D:14)
  A shining eye (shapeshifter) (D:13)
  An orc knight (D:14)
  2 manticores (D:13)
  6 elephants
  Maurice (D:12)
  5 black mambas
  Maggie (D:6)
  3 merfolk sirens (Lair:2)
  A guardian serpent (Lair:2)
  22 cane toads
  An unseen horror (D:11)
  3 efreet
  4 rime drakes
  A yaktaur (D:14)
  3 kobold demonologists (D:10)
  A freezing wraith (D:14)
  2 komodo dragons
  A tengu conjurer (D:13)
  2 polar bears
  4 trolls
  A hornet (shapeshifter) (D:13)
  A merfolk (Lair:2)
  Prince Ribbit (D:5)
  2 hornets
  24 blink frogs
  15 slime creatures
  12 dream sheep
  Sigmund (D:5)
  2 vampires (D:12)
  3 shadows
  A water elemental (D:14)
  3 wyverns
  4 wraiths
  Eustachio (D:6)
  56 yaks
  2 basilisks
  10 vampire mosquitoes
  3 steam dragons
  Menkaure (D:6)
  3 wargs (D:8)
  Edmund (D:5)
  An acid dragon (D:9)
  6 water moccasins
  6 orc warriors
  A sky beast (D:7)
  An ogre (shapeshifter) (D:14)
  2 black bears
  10 ogres
  7 centaurs
  6 wolves (Lair:1)
  A phantom (D:5)
  8 kobold brigands
  Blork the orc (D:4)
  6 gnoll sergeants (D:9)
  15 bullfrogs
  4 scorpions
  17 wights
  5 killer bees (D:8)
  2 electric eels
  3 howler monkeys
  2 jellies
  A hound (D:4)
  9 orc priests
  3 gnoll boudas
  Crazy Yiuf (D:2)
  Natasha (thrice) (D:3)
  10 orc wizards
  2 sleepcaps
  8 iguanas
  8 mummies (Ossuary)
  5 adders
  4 gnolls
  3 shadow imps (D:5)
  A white imp (D:8)
  2 ufetubi
  3 worms
  5 dart slugs
  44 orcs
  6 endoplasms
  8 goblins
  5 hobgoblins
  3 jackals
  20 kobolds
  3 quokkas
  3 training dummies (D:14)
  5 ball pythons
  6 bats
  A frilled lizard (D:2)
  3 gnoll zombies (Ossuary)
  2 hobgoblin zombies (Ossuary)
  3 kobold zombies (Ossuary)
  3 rats
558 creatures vanquished.

Vanquished Creatures (others)
  A hydra (D:14)
  A manticore (D:14)
  A centaur (D:13)
3 creatures vanquished.

Grand Total: 561 creatures vanquished

Notes
Turn   | Place    | Note
-------+----------+-------------------------------------------
     0 | D:1      | ghijl the Minotaur Fighter began the quest for the Orb.
     0 | D:1      | Reached XP level 1. HP: 19/19 MP: 0/0
   212 | D:1      | Reached XP level 2. HP: 24/27 MP: 1/1
   319 | D:1      | Reached skill level 1 in Dodging
   451 | D:1      | Found Sabep's Armour Shop.
   910 | D:2      | Identified the -1 pair of boots of Nemelex Xobeh {+Inv
                  | rPois rC- Int+5}
   983 | D:2      | Found Susto's Weapon Emporium.
   997 | D:2      | Reached XP level 3. HP: 32/33 MP: 2/2
  1025 | D:2      | Found Vung's Armour Emporium.
  1026 | D:2      | Found Yturghid's Jewellery Emporium.
  1114 | D:2      | Found Yxoiphe's Armour Emporium.
  1186 | D:2      | Found Misott's Antique Weapon Emporium.
  1253 | D:2      | Found a runed translucent door.
  1254 | D:2      | Noticed Crazy Yiuf
  1262 | D:2      | Killed Crazy Yiuf
  1263 | D:2      | Reached XP level 4. HP: 20/40 MP: 3/3
  1813 | D:3      | Found Muoggeff's Armour Emporium.
  1817 | D:3      | Noticed Natasha
  1825 | D:3      | Killed Natasha
  2011 | D:3      | Noticed Natasha
  2014 | D:3      | Killed Natasha
  2015 | D:3      | Reached XP level 5. HP: 47/47 MP: 4/4
  2139 | D:3      | Noticed Natasha
  2144 | D:3      | Killed Natasha
  2240 | D:4      | Reached XP level 6. HP: 55/55 MP: 5/5
  2240 | D:4      | Noticed Blork the orc
  2246 | D:4      | Killed Blork the orc
  2247 | D:4      | Reached skill level 5 in Armour
  2247 | D:4      | Reached skill level 5 in Shields
  2340 | D:4      | Found a snail-covered altar of Cheibriados.
  2340 | D:4      | Found a broken altar of Ashenzari.
  2359 | D:4      | Reached skill level 5 in Fighting
  2479 | D:4      | Found a staircase to the Ecumenical Temple.
  2489 | Temple   | Entered the Ecumenical Temple
  2518 | Temple   | Became a worshipper of Warmaster Okawaru
  2737 | D:4      | Found a radiant altar of Vehumet.
  2768 | D:4      | Found a shadowy altar of Dithmenos.
  2874 | D:4      | Found a sparkling altar of Nemelex Xobeh.
  2915 | D:5      | Entered Level 5 of the Dungeon
  2946 | D:5      | Reached XP level 7. HP: 49/61 MP: 6/6
  3070 | D:5      | Noticed Prince Ribbit
  3087 | D:5      | Noticed Sigmund
  3089 | D:5      | Noticed Edmund
  3093 | D:5      | Killed Sigmund
  3094 | D:5      | Reached skill level 5 in Axes
  3096 | D:5      | Killed Edmund
  3096 | D:5      | Reached * piety under Okawaru
  3101 | D:5      | Killed Prince Ribbit
  3102 | D:5      | Reached XP level 8. HP: 45/70 MP: 7/7
  3145 | D:5      | Found a sand-covered staircase.
  3155 | Ossuary  | Entered an ossuary
  3442 | D:5      | Identified the +1 ring mail of the Gazing Gods {-Cast
                  | Slay+4}
  3723 | D:6      | Found a glowing silver altar of Zin.
  3723 | D:6      | Noticed an angel
  3793 | D:6      | Noticed Maggie
  3804 | D:6      | Killed Maggie
  3804 | D:6      | Reached ** piety under Okawaru
  3805 | D:6      | Reached skill level 5 in Dodging
  3849 | D:6      | Noticed Menkaure
  3853 | D:6      | Killed Menkaure
  3861 | D:6      | Found Saem Beo's Antique Armour Emporium.
  3868 | D:6      | Reached XP level 9. HP: 73/79 MP: 8/8
  3911 | D:6      | Found Biavamif's General Store.
  3972 | D:6      | Noticed Eustachio
  3989 | D:6      | Killed Eustachio
  3989 | D:6      | Reached *** piety under Okawaru
  4086 | D:6      | Found Hecrexe's Distillery.
  4092 | D:6      | Bought a potion of mutation for 96 gold pieces
  4092 | D:6      | Bought a potion of mutation for 96 gold pieces
  4092 | D:6      | Bought a potion of might for 48 gold pieces
  4092 | D:6      | Bought a potion of curing for 36 gold pieces
  4092 | D:6      | Bought a potion of heal wounds for 60 gold pieces
  4092 | D:6      | Bought a potion of degeneration for 12 gold pieces
  4093 | D:6      | Gained mutation: You are agile. (Dex +4, Str/Int -1)
                  | [potion of mutation]
  4094 | D:6      | Lost mutation: You are agile. (Dex +4, Str/Int -1) [potion
                  | of mutation]
  4094 | D:6      | Gained mutation: You occasionally lose the ability to drink
                  | potions when taking damage. [potion of mutation]
  4094 | D:6      | Gained mutation: You possess an exceptional clarity of
                  | mind. [potion of mutation]
  4094 | D:6      | Gained mutation: Your system is resistant to poisons.
                  | (rPois) [potion of mutation]
  4095 | D:6      | Lost mutation: You possess an exceptional clarity of mind.
                  | [potion of mutation]
  4095 | D:6      | Lost mutation: Your system is resistant to poisons. (rPois)
                  | [potion of mutation]
  4095 | D:6      | Lost mutation: You occasionally lose the ability to drink
                  | potions when taking damage. [potion of mutation]
  4095 | D:6      | Gained mutation: You have hidden genetic potential. [potion
                  | of mutation]
  4095 | D:6      | Gained mutation: Your spells are a little harder to cast,
                  | but a little more powerful. [potion of mutation]
  4102 | D:6      | Found Asubeirch's Jewellery Shoppe.
  4257 | D:6      | Found Onkuxetwae's Magic Scroll Emporium.
  4683 | D:7      | Found a hazy altar of Hepliaklqana.
  4762 | D:7      | Reached **** piety under Okawaru
  4964 | D:7      | Noticed a troll
  4971 | D:7      | Killed a troll
  5112 | D:8      | Found Pyria's General Store.
  5128 | D:8      | Bought a scroll of magic mapping for 120 gold pieces
  5128 | D:8      | Bought a scroll of identify for 32 gold pieces
  5128 | D:8      | Bought a scroll of identify for 32 gold pieces
  5231 | D:8      | Identified the +1 falchion "Grim" {vamp, *Rage rC+++ Int+6}
  5239 | D:8      | Reached XP level 10. HP: 59/90 MP: 9/9
  5258 | D:8      | Reached ***** piety under Okawaru
  5480 | D:8      | Found Houmann's Assorted Antiques.
  5482 | D:8      | Found Sust's Vocational Training.
  5496 | D:8      | Bought a scroll labelled JETUED YNKYMMI for 28 gold pieces
  5496 | D:8      | Bought a coppery potion for 25 gold pieces
  5496 | D:8      | Bought a dark potion for 25 gold pieces
  5552 | D:8      | Found Sotiefoi's Armour Shop.
  5608 | D:8      | Found Hinoehuy's Antique Armour Emporium.
  5644 | D:8      | Found a staircase to the Lair.
  5854 | D:9      | Noticed a two-headed ogre
  5860 | D:9      | Killed a two-headed ogre
  5902 | D:9      | Found Joucw's Antique Armour Shoppe.
  5933 | D:9      | Found Maorig's Weapon Emporium.
  6011 | D:9      | Found a staircase to the Orcish Mines.
  6014 | D:9      | Identified the +0 hat of Uptisch {rElec Will- Str+3}
                  | (Okawaru gifted it to you on level 9 of the Dungeon)
  6014 | D:9      | Received a gift from Okawaru
  6015 | D:9      | Reached XP level 11. HP: 61/99 MP: 10/10
  6267 | D:9      | Reached skill level 10 in Fighting
  6267 | D:9      | Reached skill level 10 in Shields
  6269 | D:9      | Reached skill level 10 in Armour
  6308 | D:9      | Found a runed translucent gate.
  6308 | D:9      | Found a runed translucent gate.
  6314 | D:9      | Gained mutation: Your movements are slightly less
                  | encumbered by armour. (ER -2) [hidden potential]
  6414 | D:9      | Found a runed translucent gate.
  6416 | D:9      | Noticed Zigma's ghost (novice DrMo)
  6428 | D:9      | Killed Zigma's ghost
  6548 | D:9      | Found a basalt altar of Yredelemnul.
  6885 | D:10     | Entered Level 10 of the Dungeon
  6968 | D:10     | Reached skill level 10 in Axes
  7708 | D:10     | Noticed a two-headed ogre
  7710 | D:10     | Noticed Erica
  7714 | D:10     | Killed a two-headed ogre
  7718 | D:10     | Killed Erica
  7967 | D:10     | Identified the +9 plate armour of Refuge {Will+ Regen+}
                  | (Okawaru gifted it to you on level 10 of the Dungeon)
  7967 | D:10     | Received a gift from Okawaru
  8241 | D:11     | Noticed a green ugly thing
  8256 | D:11     | Killed a green ugly thing
  8418 | D:11     | Noticed a two-headed ogre
  8423 | D:11     | Reached ****** piety under Okawaru
  8431 | D:11     | Killed a two-headed ogre
  8432 | D:11     | Reached XP level 12. HP: 100/110 MP: 11/11
  8452 | D:11     | Noticed Urug
  8459 | D:11     | Killed Urug
  8829 | D:8      | Bought a scorched cloak for 266 gold pieces
  8829 | D:8      | Identified the +0 cloak of Tender Moments {rPois} (You
                  | bought it in a shop on level 8 of the Dungeon)
  8880 | D:12     | Noticed Lodul
  8890 | D:12     | Killed Lodul
  8894 | D:12     | Gained mutation: Your movements are less encumbered by
                  | armour. (ER -4) [hidden potential]
  8894 | D:12     | Lost mutation: You have hidden genetic potential. [hidden
                  | potential expressed]
  9116 | D:12     | Reached skill level 10 in Dodging
  9316 | D:12     | Noticed a boulder beetle
  9324 | D:12     | Killed a boulder beetle
  9753 | D:12     | Noticed a two-headed ogre
  9760 | D:12     | Killed a two-headed ogre
 10025 | D:12     | Noticed Maurice
 10033 | D:12     | Killed Maurice
 10435 | D:8      | Bought a brightly glowing chain mail for 266 gold pieces
 10435 | D:8      | Identified the +6 chain mail "Eneusuni" {Rampage rC+ Will-
                  | Dex+2} (You bought it in a shop on level 8 of the Dungeon)
 10552 | D:13     | Noticed a seven-headed hydra
 10848 | D:13     | Killed a three-headed hydra
 10868 | D:13     | Received a gift from Okawaru
 11002 | D:13     | Noticed a vault guard
 11022 | D:13     | Killed a vault guard
 11022 | D:13     | Identified the +3 long sword "Dennuih" {flame, +Blink rN+
                  | MP+9} (Okawaru gifted it to you on level 13 of the Dungeon)
 11022 | D:13     | Received a gift from Okawaru
 11107 | D:13     | Found a gate to the Vaults.
 11310 | D:13     | Noticed a boulder beetle
 11310 | D:13     | Noticed a centaur warrior
 11320 | D:13     | Killed a centaur warrior
 11334 | D:13     | Reached XP level 13. HP: 95/119 MP: 12/12
 11668 | D:13     | Identified the +0 robe of Witzof {Dex+2} (Okawaru gifted it
                  | to you on level 13 of the Dungeon)
 11668 | D:13     | Received a gift from Okawaru
 11988 | D:9      | Bought an encrusted scale mail for 288 gold pieces
 11988 | D:9      | Identified the +0 scale mail of the Skies Above {*Slow rF+
                  | Int+6 Slay+5} (You bought it in a shop on level 9 of the
                  | Dungeon)
 12270 | D:14     | Noticed a stone giant
 12285 | D:14     | Killed a stone giant
 12629 | D:14     | Found Watipt's Firing Range.
 12804 | D:14     | Received a gift from Okawaru
 12915 | D:14     | Received a gift from Okawaru
 12931 | D:14     | Found Ceyse's Distillery.
 12939 | D:14     | Bought a potion of curing for 33 gold pieces
 12939 | D:14     | Bought a potion of curing for 33 gold pieces
 13176 | D:14     | Noticed Hallut's ghost (journeyman OgFi)
 13182 | D:14     | Found a runed translucent door.
 13212 | D:14     | Killed Hallut's ghost
 13696 | Lair:1   | Entered Level 1 of the Lair of Beasts
 13714 | Lair:1   | Reached XP level 14. HP: 130/130 MP: 13/13
 14581 | Lair:2   | Found a staircase to the Snake Pit.
 14758 | Lair:2   | Found a staircase to the Shoals.
 14790 | Lair:2   | Received a gift from Okawaru
 15373 | Lair:2   | Found a runed translucent door.
 15743 | Lair:3   | Identified the +8 quarterstaff of Duty {spect, rC+}
                  | (Okawaru gifted it to you on level 3 of the Lair of Beasts)
 15743 | Lair:3   | Received a gift from Okawaru
 16604 | Lair:4   | Reached XP level 15. HP: 105/139 MP: 11/14
 16622 | Lair:4   | Reached skill level 15 in Fighting
 16625 | Lair:4   | Reached skill level 15 in Shields
 17051 | Lair:4   | Found a viscous altar of Jiyva.
 17052 | Lair:4   | Found a staircase to the Slime Pits.
 17472 | Lair:4   | Reached skill level 15 in Armour
 17671 | Lair:5   | Entered Level 5 of the Lair of Beasts
 17798 | Lair:5   | Slain by a tyrant leech

Illustrated notes

Levels and vault maps discovered:
D:1:      minmay_arrival_three_doors, layout_loops_corners, serial_shops, shop,
          minmay_quantized
D:2:      layout_basic, serial_shops, shop, shop, shop, shop,
          nicolae_shop_tiny_waterfront, uniq_crazy_yiuf_cottage
D:3:      layout_basic, serial_shops, shop, dreamdust_princess_corridor,
          uniq_natasha
D:4:      layout_cave_pools, nemelex_dance_club_becter,
          grunt_dithmenos_smoke_and_mirrors, gammafunk_temple_overflow_elements,
          kennysheep_mini, minmay_temple_entry_poolview,
          hangedman_decor_clover_reticule, uniq_blork_the_orc
D:5:      layout_rooms, nicolae_ossuary_entry_ruins, minmay_bent, uniq_sigmund,
          uniq_prince_ribbit1, uniq_edmund
D:6:      layout_rooms, zin_angel, serial_shops, nicolae_shop_dealshenge,
          nicolae_lakefront_shop, nicolae_diamond_shop, shop, shop,
          uniq_menkaure, uniq_eustachio, uniq_maggie
D:7:      minmay_skewed_foursquare, layout_rooms,
          nicolae_overflow_hidden_temple, nzn_hepliaklqana_mist_gate
D:8:      layout_rooms, erik_lair_orcish_takeover, serial_shops,
          nicolae_shop_pleasant_corner_grove, shop, nicolae_shop_rolling_square,
          nicolae_shop_tiny_glass, nicolae_shop_vocational
D:9:      layout_roguey, mainiacjoe_overflow_alcove_2,
          kennysheep_orc_monster_closet_entryway, gammafunk_ghost_spectres,
          serial_shops, nicolae_shop_hallway_stairs, shop
D:10:     layout_stronghold, uniq_erica
D:11:     layout_rooms, uniq_urug
D:12:     layout_layer_cave, st_stairs_8, uniq_lodul, uniq_maurice
D:13:     layout_rooms, david_vaults_4, due_unseen_surprise
D:14:     nzn_winding_woodlands_cross [nzn_winding_woodlands_5x15_pool,
          nzn_winding_woodlands_5x15_lazy_stream,
          nzn_winding_woodlands_5x15_sawtooth,
          nzn_winding_woodlands_5x15_longhouse,
          nzn_winding_woodlands_15x15_five_gardens], layout_stronghold,
          hellmonk_ghost_happy_afterlife, serial_shops,
          nicolae_shop_tiny_waterfront, minmay_misc_feat_pillars,
          nicolae_shop_firing_range
Temple:   compressed_dpeg_triangle_lava_temple
Lair:1:   layout_cave_pods, chequers_serial_rivers_micro_d
Lair:2:   gammafunk_lair_enchanted_lake, layout_regular_city,
          elwin_shoals_entry_stream, minmay_snake_entry_spellcaster,
          infiniplex_staircase_pool
Lair:3:   layout_cave_shapes, dreamdust_gnoll_shepherd, serial_bayou_shore_a
Lair:4:   dreamdust_cave_troll, layout_cave_pods, slime_entry_1,
          lookout_lair_type
Lair:5:   minmay_lair_end_frog_pond, layout_loops_ring, uniq_josephine

Skill      XL: |  1  2  3  4  5  6  7  8  9 10 11 12 13 14 15 |
---------------+----------------------------------------------+-----
Dodging        | 1 2 3 4 5 7 8 9 11 12 13 | 13.7
Fighting       | 4 5 6 7 8 9 11 12 13 14 15 | 15.2
Axes           | 3 4 5 6 8 9 10 12 13 14 | 14.9
Armour         | 4 5 6 7 8 9 11 12 13 14 15 | 15.2
Shields        | 4 5 6 7 8 9 11 12 13 14 15 | 15.2

Action                     |  1- 3 |  4- 6 |  7- 9 | 10-12 | 13-15 || total
---------------------------+-------+-------+-------+-------+-------++-------
  Melee: War axe           |    59 |    76 |   149 |   384 |   145 ||   813
         Headbutt          |     6 |    16 |    25 |    82 |   141 ||   270
         Broad axe         |       |       |       |       |   379 ||   379
 Invoke: Heroism           |       |       |       |       |     1 ||     1
  Evoke: Wand              |       |       |       |       |     1 ||     1
    Use: Scroll            |     3 |     7 |     8 |    12 |     3 ||    33
         Potion            |       |       |     4 |     1 |     6 ||    11
   Stab: Sleeping          |       |       |     1 |     1 |     1 ||     3
         Petrified         |       |       |       |       |     5 ||     5
         Petrifying        |       |       |       |       |     2 ||     2
 Armour: Scale mail        |    26 |    33 |    10 |       |    59 ||   128
         Ring mail         |       |       |    41 |    91 |       ||   132
         Chain mail        |       |       |       |    79 |   199 ||   278
         Plate armour      |       |       |       |       |    45 ||    45
  Dodge: Dodged            |    28 |    48 |    86 |   199 |   276 ||   637
  Block: Buckler           |    10 |     9 |    21 |   111 |   188 ||   339

Table legend: (Time is in decaauts)
 A = Elapsed time spent in this place.
 B = Non-inter-level travel time spent in this place.
 C = Inter-level travel time spent in this place.
 D = Time resting spent in this place.
 E = Time spent auto-exploring this place.
 F = Levels seen in this place.
 G = Mean time per level.
                   A        B        C        D        E       F      G
               +--------+--------+--------+--------+--------+-----+--------+
         Total |  17972 |  16648 |   1324 |    536 |  13026 |  21 |  855.8 |
       Dungeon |  13730 |  12762 |    968 |    502 |   9917 |  14 |  980.7 |
        Temple |     42 |     29 |     13 |      0 |     14 |   1 |   42.0 |
          Lair |   4014 |   3672 |    342 |     34 |   2995 |   5 |  802.8 |
       Ossuary |    184 |    184 |      0 |      0 |     99 |   1 |  184.0 |
               +--------+--------+--------+--------+--------+-----+--------+

Top non-repeatable levels by time:
    D:12: 1867 daAuts
    D:14: 1472 daAuts
    D:10: 1394 daAuts
  Lair:2: 1373 daAuts
     D:9: 1241 daAuts
    D:13: 1173 daAuts
  Lair:4: 997 daAuts
     D:1: 900 daAuts
     D:8: 861 daAuts
  Lair:1: 822 daAuts
     D:7: 802 daAuts
     D:2: 774 daAuts
    D:11: 759 daAuts
  Lair:3: 702 daAuts
     D:4: 681 daAuts
